 Dungeon Crawl Stone Soup version 0.28.0-43-g3370ac3207 (webtiles) character file.

Game seed: 13145429256024307142

489 4FPSwarrior the Sneak (level 7, -8/37 HPs)
             Began as a Vine Stalker Brigand on Mar 20, 2022.
             Was an Initiate of Fedhas.
             Killed by divine providence
             ... invoked by an orc priest
              (14 damage)
             ... on level 5 of the Dungeon.
             The game lasted 00:09:07 (3098 turns).

4FPSwarrior the Sneak (Vine Stalker Brigand)        Turns: 3098, Time: 00:09:08

Health: -8/37      AC:  4    Str: 13    XL:     7   Next: 14%
Magic:  0/12       EV: 15    Int: 13    God:    Fedhas [......]
Gold:   140        SH:  0    Dex: 16    Spells: 12/12 levels left

rFire   . . .      SeeInvis .   a - +2 dagger
rCold   . . .      Faith    .   (no shield)
rNeg    . . .      Spirit   +   b - +0 robe
rPois   .          Reflect  .   (no helmet)
rElec   .          Harm     .   c - +0 cloak
rCorr   .          Rampage  .   (no gloves)
Will    .....                   f - +0 pair of boots
Stlth   +++.......              (no amulet)
HPRegen 0.92/turn               h - +4 ring of evasion
MPRegen 0.13/turn               t - ring of wizardry

@: no status effects
A: fangs 2, regeneration 1, magic shield, antimagic bite, no potion heal 2
a: Renounce Religion


You were on level 5 of the Dungeon.
You worshipped Fedhas.
Fedhas was noncommittal.
You visited 2 branches of the dungeon, and saw 6 of its levels.

You collected 140 gold pieces.

Inventory:

Hand Weapons
 a - a +2 dagger (weapon)
 o - a +1 whip of electrocution
Missiles
 d - 2 poisoned darts (quivered)
 p - 2 curare-tipped darts
Armour
 b - a +0 robe (worn)
 c - a +0 cloak (worn)
 f - a +0 pair of boots (worn)
 n - +0 ice dragon scales
Jewellery
 h - a +4 ring of evasion (left hand)
 t - a ring of wizardry (right hand)
Scrolls
 g - a scroll of identify {unknown}
 i - 4 scrolls of teleportation {unknown}
 q - a scroll of blinking {unknown}
 r - a scroll of immolation
Potions
 e - 2 potions of mutation {unknown}
 j - a potion of experience {unknown}
 k - a potion of magic {unknown}
 l - a potion of curing {unknown}
 m - a potion of invisibility {unknown}
 s - 3 potions of haste {unknown}


   Skills:
 + Level 3.6 Fighting
 + Level 3.6 Short Blades
 + Level 2.6 Throwing
 - Level 0.7 Dodging
 + Level 6.2 Stealth
 + Level 3.2 Spellcasting


You had 12 spell levels left.
You didn't know any spells.
Your spell library was empty.

Dungeon Overview and Level Annotations

Branches:
Dungeon (5/15)             Temple (1/1) D:5

Altars:
Ashenzari
Cheibriados
Dithmenos
Elyvilon
Fedhas
Gozag
Hepliaklqana
Kikubaaqudgha
Makhleb
Nemelex Xobeh
Okawaru
Qazlal
Ru
Sif Muna
Trog
Uskayaw
Vehumet
Wu Jian
Xom
Yredelemnul
Zin
The Shining One

Annotations:
D:3 Grinder, Sigmund
D:5 Dowan, Duvessa


Innate Abilities, Weirdness & Mutations

You have extremely sharp teeth.
Your natural rate of healing is unusually fast.
When hurt, damage is shared between your health and your magic reserves.
Your bite disrupts and absorbs the magic of your enemies.
Potions cannot restore your health.


Message History

The orc priest casts a cantrip, but nothing happens.
Duvessa says, "My weaknesses are his strengths!"
Duvessa hits you with a +0 rapier.
The orc priest casts a cantrip, but nothing happens.
Dowan says, "Stay away from my face!"
As you read the scroll labelled JYTECI QIOGIS, it crumbles to dust.
The creatures around you are filled with an inner flame!
It was a scroll of immolation.
Duvessa hits you with a +0 rapier. Duvessa closely misses you.
Duvessa says, "My weaknesses are his strengths!"
You hit Duvessa.
Flame seeps out of Duvessa. x2; You bite Duvessa.
You drain her power.
You feel invigorated.
Duvessa is moderately wounded.
Duvessa is engulfed in blazing flames.
Flame seeps out of Duvessa.
Duvessa barely misses you.
Duvessa is engulfed in blazing flames.
Flame seeps out of Duvessa.
Duvessa barely misses you.
You hit Duvessa.
Flame seeps out of Duvessa.
Duvessa is heavily wounded.
Duvessa is engulfed in blazing flames.
Flame seeps out of Duvessa.
Duvessa completely misses you.
Duvessa is engulfed in blazing flames.
Flame seeps out of Duvessa.
You barely miss Duvessa.
Duvessa is almost dead.
Duvessa hits you with a +0 rapier!
You closely miss Duvessa. You bite Duvessa, but do no damage.
Duvessa is almost dead.
Duvessa misses you. Duvessa completely misses you.
You hit Duvessa but do no damage. You bite Duvessa, but do no damage.
Duvessa is almost dead.
The orc priest mumbles some strange prayers to Beogh against you.
Beogh smites you!
Duvessa says, "When magic and the sword combine, nothing stands against them."
Duvessa hits you with a +0 rapier!
* * * LOW HITPOINT WARNING * * *
Okay, then.
Okay, then.
The orc priest calls down the wrath of Beogh upon you.
Beogh smites you!
You die...
Fedhas appreciates your contribution to the ecosystem.

#..########.......## #.
##.##..........##..# #.
#..#..........###'### #.
##.#..........#...[.# #.
#............#...(.# #.
##.......#..##.....# #.
##### #..##+###...'..>..#
#.
.....###.##.####.##.....#
#.
..........#.l.e@..#.....#
#.
.........eo##.....#.....#
#.
.........o.##.....#######
#. ...........##.....#
##. ....(..e..o##.....#
#.. ###.......###.....#
#.. #.#####e######+## #..
#.#####..## #.. #
#.......# #..


You could see Duvessa (fast, inner flame), Dowan, an iguana (inner flame) and an
orc priest (inner flame).

Vanquished Creatures
  An ogre (D:4)
  A bullfrog (D:4)
  2 scorpions (D:4)
  A water moccasin skeleton (D:5)
  A hound (D:5)
  An orc priest (D:5)
  Terence (D:3)
  2 adders (D:3)
  An ufetubus (D:5)
  A worm (D:2)
  3 dart slugs
  3 orcs
  8 ball pythons
  6 endoplasms
  5 goblins
  6 hobgoblins
  4 quokkas (D:1)
  5 bats
  6 frilled lizards
  8 kobolds
  7 rats
73 creatures vanquished.

Notes
Turn   | Place    | Note
-------+----------+-------------------------------------------
     0 | D:1      | 4FPSwarrior the Vine Stalker Brigand began the quest for
                  | the Orb.
     0 | D:1      | Reached XP level 1. HP: 11/11 MP: 2/2
    48 | D:1      | Reached XP level 2. HP: 11/15 MP: 3/3
   225 | D:1      | Reached skill level 1 in Spellcasting
   345 | D:1      | Reached XP level 3. HP: 18/18 MP: 5/5
   544 | D:1      | Found a faded altar of an unknown god.
   984 | D:2      | Found an ornate altar of the Wu Jian Council.
  1399 | D:2      | Reached skill level 5 in Stealth
  1399 | D:2      | Gained mutation: Your natural rate of healing is unusually
                  | fast. [Vine Stalker growth]
  1399 | D:2      | Reached XP level 4. HP: 23/23 MP: 5/7
  1724 | D:3      | Noticed Grinder
  1838 | D:3      | Noticed Terence
  1848 | D:3      | Killed Terence
  1896 | D:3      | Noticed Sigmund
  1925 | D:4      | Noticed a bullfrog
  1932 | D:4      | Killed a bullfrog
  1933 | D:4      | Reached XP level 5. HP: 28/28 MP: 9/9
  2003 | D:4      | Reached XP level 6. HP: 16/32 MP: 7/10
  2140 | D:4      | Found a blossoming altar of Fedhas.
  2241 | D:4      | Became a worshipper of Fedhas Madash
  2345 | D:4      | Reached skill level 6 in Stealth
  2521 | D:5      | Entered Level 5 of the Dungeon
  2644 | D:5      | Found a staircase to the Ecumenical Temple.
  2684 | D:5      | Reached XP level 7. HP: 36/36 MP: 6/12
  2756 | Temple   | Entered the Ecumenical Temple
  3078 | D:5      | Noticed Duvessa
  3078 | D:5      | Noticed Dowan
  3098 | D:5      | Killed from afar by an orc priest

Illustrated notes

Levels and vault maps discovered:
D:1:      lemuel_arrival_rhombus, layout_rooms,
          hellmonk_ecumenical_altar_crossroads
D:2:      minmay_skewed_foursquare, layout_basic, basic_altar
D:3:      layout_loops_cross, uniq_robin, uniq_grinder, uniq_sigmund,
          uniq_terence
D:4:      layout_rooms, fedhas_altar_fruit_tree, kennysheep_generic_room_10
D:5:      layout_basic, temple_green, grunt_ministairs_5, uniq_duvessa
Temple:   mainiacjoe_temple_hex_bubbles

Skill      XL: |  1  2  3  4  5  6 |
---------------+-------------------+-----
Fighting       | 2 3 |  3.6
Short Blades   | 2 3 |  3.6
Spellcasting   | 1 2 3 |  3.2
Stealth        | 5 6 |  6.2
Throwing       | 2 |  2.6
Dodging        | |  0.7

Action                   |  1- 3 |  4- 6 |  7- 9 || total
-------------------------+-------+-------+-------++-------
Melee: Dagger            |    95 |    57 |    16 ||   168
       Bite              |    22 |    12 |     5 ||    39
       Punch             |     1 |     1 |       ||     2
Throw: Dart              |    15 |    18 |       ||    33
  Use: Scroll            |       |       |     1 ||     1
 Stab: Sleeping          |     7 |     8 |       ||    15
       Distracted        |     2 |       |       ||     2
Armor: Robe              |    21 |     7 |     4 ||    32
Dodge: Dodged            |    51 |    26 |    13 ||    90
